 Dungeon Crawl Stone Soup version 0.13-a0-2484-gc765b08 (webtiles) character file.

1447 Rycklaryybbe the Covert (level 8, -4/52 HPs)
             Began as a Vampire Enchanter on July 20, 2013.
             Slain by a hill giant
             ... wielding a +0,+0 giant club
              (36 damage)
             ... on Level 7 of the Dungeon.
             The game lasted 00:26:51 (6153 turns).

Rycklaryybbe the Covert (Vampire Enchanter)         Turns: 6153, Time: 00:26:51

HP  -4/52        AC  9     Str  8      XL: 8   Next: 17%
MP   1/15        EV  9     Int 17      God:
Gold 278         SH  0     Dex 15      Spells:  3 memorised,  5 levels left

Res.Fire  : + . .   See Invis. : +   w - +0 dagger (drain)
Res.Cold  : + . .   Warding    : .   L - +0 ring mail {rF+}
Life Prot.: + . .   Conserve   : .   (no shield)
Res.Poison: .       Res.Corr.  : .   (no helmet)
Res.Elec. : .       Clarity    : +   S - +1 cloak
Sust.Abil.: + .     Spirit.Shd : .   r - +0 pair of gloves
Res.Mut.  : .       Stasis     : .   p - +0 pair of boots
Res.Rott. : .       Flight     : .   M - amulet of clarity
Saprovore : . . .                    H - ring of sustain abilities
                                     y - ring of protection from cold

@: hasted, very quick, somewhat resistant to hostile enchantments, very stealthy
A: bottle blood, fangs 3, see invisible, unbreathing
a: Bat Form, Bottle Blood


You were on level 7 of the Dungeon.
You were not thirsty.

You visited 1 branch of the dungeon, and saw 7 of its levels.

You collected 258 gold pieces.

Inventory:

Hand weapons
 a - a +1,+1 dagger {=f}
 e - a +0 blowgun
 m - a +0,+0 orcish hand axe
 u - a +4,+2 elven short sword of protection
 w - a +0,+0 dagger of draining (weapon)
 A - a +1,+3 orcish short sword
 O - a +2,+0 elven sabre
Missiles
 d - 12 darts
 t - 2 javelins (quivered)
 v - 17 poisoned needles
 I - a throwing net
Armour
 b - a +1 robe
 i - a +0 pair of dwarven gauntlets
 p - a +0 pair of boots (worn)
 r - a +0 pair of gloves (worn)
 s - a +1 cloak
 L - a +0 ring mail of fire resistance (worn)
 S - a +1 cloak (worn)
Magical devices
 g - a wand of teleportation (0)
 F - a wand of heal wounds (6) {unknown}
Scrolls
 f - 5 scrolls of remove curse
 h - 2 scrolls of fear
 j - a scroll of teleportation
 k - 2 scrolls of amnesia
 o - 3 scrolls of identify
 q - 2 scrolls of blinking
 C - a scroll of magic mapping {unknown}
 J - a scroll of curse armour
 K - 3 scrolls of recharging {unknown}
 N - 2 scrolls of enchant weapon II {unknown}
 P - a scroll of noise {unknown}
 Q - a scroll of enchant weapon I {unknown}
 R - a scroll of enchant armour
Jewellery
 y - a ring of protection from cold (left hand)
 B - an uncursed ring of teleportation
 H - a ring of sustain abilities (right hand)
 M - an amulet of clarity (around neck)
Potions
 l - a potion of porridge
 n - 4 potions of curing
 x - 2 potions of restore abilities
 E - 2 potions of invisibility {unknown}
 G - 2 potions of blood
Books
 c - a book of Maledictions

   Spells                             Type                      Level
   *Corona                            Hexes                        1
   Sure Blade                         Hexes/Charms                 2
   *Ensorcelled Hibernation           Hexes/Ice                    2
   *Confuse                           Hexes                        3
   Enslavement                        Hexes                        4
   Invisibility                       Hexes                        6
 D - a book of Battle

   Spells                             Type                      Level
   Infusion                           Charms                       1
   Shroud of Golubria                 Charms/Translocation         2
   Song of Slaying                    Charms                       2
   Spectral Weapon                    Hexes/Charms                 3
   Regeneration                       Charms/Necromancy            3
   Song of Shielding                  Charms                       4


   Skills:
 - Level 1.2 Short Blades
 - Level 0.7 Throwing
 * Level 2.1 Dodging
 * Level 11.3 Stealth
 - Level 2.1 Spellcasting
 * Level 9.8 Hexes


You had 5 spell levels left.
You knew the following spells:

 Your Spells              Type           Power        Failure   Level  Hunger
a - Corona                Hex            #####..      1%          1    #......
b - Ensorcelled Hibernat  Hex/Ice        ###...       12%         2    ##.....
c - Confuse               Hex            #####...     2%          3    ####...


Dungeon Overview and Level Annotations

Branches:
Dungeon (7/27)
 Temple: D:4-7          Orc: D:6-11

Altars:
Cheibriados
Trog
Xom
Zin
the Shining One


Innate Abilities, Weirdness & Mutations

You can bottle blood from corpses.
You have razor-sharp teeth.*
You have supernaturally acute eyesight.
You can survive without breathing.*


Message History

Confirm with . or Enter, or press ? or * to list all spells.
Aiming: Confuse
Press: ? - help, Shift-Dir - straight line, f/p - hill giant
Aim: a hill giant, wielding a giant club (lightly wounded)
The hill giant appears confused.
The hill giant laughs at nothing.
The hill giant seems less confused.
The hill giant hits you with a giant club!
Casting: Confuse
Confirm with . or Enter, or press ? or * to list all spells.
Aiming: Confuse
Press: ? - help, Shift-Dir - straight line, f/p - hill giant
Aim: a hill giant, wielding a giant club The hill giant struggles to resist.
The hill giant hits you with a giant club!
Drink which item? (? for menu, Esc to quit)
You feel yourself speed up.
The hill giant hits you with a giant club!
Ouch! That really hurt!
You die...

#....# #.#### #.#
#.# #.#########
#.##.#..#.########
#.#......#..##...#
#C......####.'..)#
#@#..#.## ###..)#
#.###### ##### #.#
#.# #.# #.# #.#
#.# #####.#


You could see a hill giant.

Vanquished Creatures
  A black bear (D:7)
  An ogre (D:6)
  Sigmund (D:4)
  A centaur (D:5)
  A giant frog (D:6)
  A hippogriff zombie (D:5)
  2 goliath beetles (D:6)
  A crimson imp (D:6)
  A hound (D:4)
  A scorpion (D:3)
  5 orc wizards
  Crazy Yiuf (D:7)
  3 orc priests
  2 worker ants
  Ijyb (D:3)
  A hound skeleton (D:4)
  9 adders
  3 gnolls (D:4)
  A giant mite (D:4)
  An inept feature mimic (D:4)
  2 adder zombies (D:6)
  3 worms
  22 orcs
  10 bats
  A bat skeleton (D:4)
  5 giant cockroaches
  8 goblins
  10 hobgoblins
  16 jackals
  11 kobolds
  An ooze (D:3)
  5 giant geckos
  4 giant newts
  A giant newt skeleton (D:4)
  A kobold skeleton (D:4)
  5 quokkas
  2 quokka zombies
  6 rats
151 creatures vanquished.

Notes
Turn   | Place    | Note
--------------------------------------------------------------
     0 | D:1      | Rycklaryybbe, the Vampire Enchanter, began the quest for the Orb.
     0 | D:1      | Reached XP level 1. HP: 13/13 MP: 4/4
     2 | D:1      | Noticed an ogre
     4 | D:1      | Noticed a demonspawn
     4 | D:1      | Noticed an octopode
     6 | D:1      | Noticed a vampire
     8 | D:1      | Noticed an elf
    10 | D:1      | Noticed a draconian
    10 | D:1      | Noticed a tengu
    12 | D:1      | Noticed a centaur
    14 | D:1      | Noticed a troll
    14 | D:1      | Noticed a demigod
    16 | D:1      | Noticed a spriggan
    18 | D:1      | Noticed a ghoul
    18 | D:1      | Noticed a minotaur
    20 | D:1      | Noticed a merfolk
    20 | D:1      | Noticed a naga
    22 | D:1      | Noticed a felid
    22 | D:1      | Noticed a dwarf
   250 | D:1      | Reached XP level 2. HP: 19/19 MP: 5/5
   784 | D:2      | Reached skill level 5 in Stealth
   791 | D:2      | Learned a level 2 spell: Ensorcelled Hibernation
   947 | D:2      | Reached XP level 3. HP: 24/24 MP: 6/6
   954 | D:2      | Found a bloodstained altar of Trog.
  1156 | D:2      | Reached skill level 6 in Stealth
  1331 | D:2      | Found a glowing silver altar of Zin.
  1331 | D:2      | Found a snail-covered altar of Cheibriados.
  1593 | D:3      | Reached XP level 4. HP: 30/30 MP: 8/8
  1722 | D:3      | Reached skill level 7 in Stealth
  2073 | D:3      | Reached skill level 8 in Stealth
  2104 | D:3      | Reached XP level 5. HP: 19/35 MP: 2/9
  2409 | D:3      | Noticed Ijyb
  2415 | D:3      | Killed Ijyb
  2502 | D:4      | Reached skill level 9 in Stealth
  2596 | D:4      | Noticed Sigmund
  2818 | D:4      | Reached XP level 6. HP: 41/41 MP: 10/10
  2835 | D:4      | Learned a level 3 spell: Confuse
  2919 | D:4      | Reached skill level 10 in Stealth
  3345 | D:4      | Reached skill level 5 in Hexes
  3718 | D:4      | Yermak: Hi
  3724 | D:4      | Rycklaryybbe: hi Yermak
  3724 | D:4      | Yermak: Are you Finn?
  3724 | D:4      | Rycklaryybbe: no :)
  3724 | D:4      | Yermak: I have to ask because of your nickname (:
  3724 | D:4      | Rycklaryybbe: i'm russian, but yeah, nick like a finn,, funny
  3730 | D:4      | Rycklaryybbe: i saw how you play SpPr... it's amazing! ypu can play every background with Sp?
  3854 | D:4      | Yermak: ага, выиграл за каждого
  3855 | D:4      | Rycklaryybbe: о, так ты русский)))
  3855 | D:4      | Rycklaryybbe: круто!
  3855 | D:4      | Yermak: теперь устанавливаю рекорды за каждого
  3855 | D:4      | Yermak: А что, по нику не догадаться? :)
  3855 | D:4      | Rycklaryybbe: а я никак не могу даже раза пройти
  3855 | D:4      | Rycklaryybbe: ну да, была идея)
  3884 | D:4      | Killed Sigmund
  4136 | D:4      | Reached XP level 7. HP: 46/46 MP: 3/11
  4169 | D:5      | Entered Level 5 of the Dungeon
  4308 | D:5      | Found a glowing golden altar of the Shining One.
  4823 | D:5      | Found a bloodstained altar of Trog.
  5482 | D:6      | Found a shimmering altar of Xom.
  5979 | D:6      | Reached XP level 8. HP: 52/52 MP: 11/15
  6072 | D:7      | Reached skill level 11 in Stealth
  6092 | D:7      | Noticed Crazy Yiuf
  6096 | D:7      | Killed Crazy Yiuf
  6127 | D:7      | Noticed a hill giant
  6153 | D:7      | Slain by a hill giant

Action                   |  1- 3 |  4- 6 |  7- 9 || total
-------------------------+-------+-------+-------++-------
Melee: Dagger            |   145 |   219 |    92 ||   456
       Short sword       |       |     3 |       ||     3
 Fire: Blowgun           |       |       |     1 ||     1
Throw: Javelin           |       |     2 |     7 ||     9
       Dart              |       |     1 |     3 ||     4
 Cast: Corona            |     4 |     4 |     3 ||    11
       Ensorcelled Hiber |     6 |    42 |    19 ||    67
       Confuse           |       |    12 |    20 ||    32
 Abil: Bottle Blood      |       |       |     1 ||     1
Evoke: Wand              |       |       |     2 ||     2
  Use: Scroll            |     6 |     9 |     3 ||    18
       Potion            |       |     1 |     3 ||     4
 Stab: Sleeping          |    10 |    37 |    21 ||    68
       Distracted        |     1 |       |       ||     1
       Confused          |       |     3 |     6 ||     9
